 Dungeon Crawl Stone Soup version 0.22.1-2-g9c5b331 (webtiles) character file.

48 dvd the Insei (level 3, 0/23 HPs)
             Began as an Octopode Transmuter on Nov 25, 2018.
             Succumbed to an adder's poison
             ... on level 2 of the Dungeon.
             The game lasted 00:02:31 (1071 turns).

dvd the Insei (Octopode Transmuter)                 Turns: 1071, Time: 00:02:31

Health: 0/23       AC:  1    Str: 10    XL:     3   Next: 72%
Magic:  5/6        EV: 19    Int: 15    God:
Gold:   120        SH:  0    Dex: 17    Spells: 2/6 levels left

rFire    . . .     SeeInvis .     - Unarmed
rCold    . . .     Gourm    .   (no shield)
rNeg     . . .     Faith    .   (helmet restricted)
rPois    .         Spirit   .   (no amulet)
rElec    .         Reflect  .   (no ring)
rCorr    .         Harm     .   (no ring)
MR       .....                  (no ring)
Stlth    ++++......             (no ring)
HPRegen  0.07/turn              (no ring)
MPRegen  0.10/turn              (no ring)
                                (no ring)
                                (no ring)

@: agile, lethally poisoned (0 -> -22), appendage (expiring)
A: almost no armour, stealthy swim, amphibious, 8 rings, constrict 8, tentacle
spike 3, camouflage 1, gelatinous body 1
a: End Transformation


You were on level 2 of the Dungeon.
You were not hungry.
One of your tentacles had a temporary spike.
You visited 1 branch of the dungeon, and saw 2 of its levels.

You collected 120 gold pieces.

Inventory:

Missiles
 a - 36 arrows
Scrolls
 e - 3 scrolls of identify {unknown}
 f - a scroll of teleportation {unknown}
 h - a scroll of random uselessness {unknown}
 i - a scroll of amnesia {unknown}
Potions
 g - a potion of lignification {unknown}
 j - a potion of resistance {unknown}
 k - a potion of magic {unknown}
 l - a potion of haste {unknown}
Comestibles
 b - a chunk of flesh
 c - 5 rations


   Skills:
 + Level 1.0 Fighting
 + Level 2.1 Dodging
 + Level 0.9 Stealth
 + Level 3.9 Unarmed Combat
 + Level 2.3 Spellcasting
 + Level 2.4 Transmutations


You had 2 spell levels left.
You knew the following spells:

 Your Spells              Type           Power        Failure   Level  Hunger
a - Beastly Appendage     Tmut           #.....       9%          1    #......
b - Spider Form           Tmut/Pois      #.........   36%         3    ###....

Your spell library contained the following spells:

 Spells                   Type           Power        Failure   Level  Hunger
 Sticks to Snakes         Tmut           #.......     12%         2    ###....
 Ice Form                 Ice/Tmut       #.......     78%         4    #####..
 Blade Hands              Tmut           #.........   92%         5    ######.


Dungeon Overview and Level Annotations

Branches:
Dungeon (2/15)

Altars:
Nemelex Xobeh


Innate Abilities, Weirdness & Mutations

You cannot wear most types of armour.
You are very stealthy in the water. (Stealth+)
You are amphibious.
You can wear up to eight rings at the same time.
You can use your tentacles to constrict eight enemies at once.
Your skin changes colour to match your surroundings (Stealth+).
Your rubbery body absorbs attacks. (AC +1, EV +1)
One of your tentacles bears a large vicious spike.


Message History

Your tentacle spike misses the adder.
The adder is moderately wounded.
The adder bites you.
You are more poisoned.
The adder poisons you!
You closely miss the adder. Your grab misses the adder.
The adder is moderately wounded.
You feel sick. The adder bites you.
You are more poisoned.
The adder poisons you!
You tentacle-slap the adder. Your grab misses the adder.
The adder is severely wounded.
* * * LOW HITPOINT WARNING * * *
You feel sick. The adder bites you.
* * * LOW HITPOINT WARNING * * *
You are more poisoned.
The adder poisons you!
It was a potion of agility.
You feel agile all of a sudden.
You die...

...........####.###
#.#
##..###..#.))...#
#.# ... #.###.#####
#.# ## #. #.....#
#.# ###.##.##.# #.#
#.........# #.#
....####.#### #.#
#.##########.....#
#.#
#.....S@.........#
#.#
############.....#
##.## #.....# #....
#.....# #....
##....# #....
###..####.##
#<#...###.#
#.#.....#.##
#.#.#...#...


You could see an adder.

Vanquished Creatures
  An ooze (D:1)
  2 dart slugs
  2 leopard geckos (D:1)
  4 giant cockroaches
  4 goblins
  2 hobgoblins
  3 jackals (D:2)
  3 kobolds
  A ball python (D:1)
  4 bats
  A frilled lizard (D:2)
  10 rats
37 creatures vanquished.

Notes
Turn   | Place    | Note
-------+----------+-------------------------------------------
     0 | D:1      | dvd the Octopode Transmuter began the quest for the Orb.
     0 | D:1      | Reached XP level 1. HP: 13/13 MP: 3/3
    61 | D:1      | Reached XP level 2. HP: 18/18 MP: 3/5
   421 | D:1      | Reached XP level 3. HP: 23/23 MP: 4/6
   717 | D:2      | Found a sparkling altar of Nemelex Xobeh.
   836 | D:2      | Learned a level 3 spell: Spider Form
  1071 | D:2      | Succumbed to an adder's poison

Action                   || total
-------------------------++-------
Melee: Unarmed           ||    72
       Constrict         ||    22
       Kick              ||    13
       Tentacles         ||    12
       Punch             ||     1
 Cast: Beastly Appendage ||    17
  Use: Potion            ||     1
 Stab: Sleeping          ||     4
  Eat: Chunk             ||     1
Armor: Skin              ||     6
Dodge: Dodged            ||    44
